 Dungeon Crawl Stone Soup version 0.31-a0-542-gdc2a67831c (webtiles) character file.

Game seed: 17309380079497946679

2 GordonOverkill the Sneak (level 1, -5/11 HPs)
             Began as a Vine Stalker Delver on Aug 14, 2023.
             Was an Initiate of Nemelex Xobeh.
             Slain by an orc
             ... wielding a +0 trident
              (6 damage)
             ... on level 6 of the Dungeon.
             The game lasted 00:01:15 (120 turns).

GordonOverkill the Sneak (Vine Stalker Delver)       Turns: 120, Time: 00:01:15

Health: -5/11      AC:  3    Str: 14    XL:     1   Next: 30%
Magic:  0/2        EV: 11    Int: 10    God:    Nemelex Xobeh [......]
Gold:   13         SH:  0    Dex: 15    Spells: 0/0 levels left

rFire   . . .        h - +0 hand axe (elec)
rCold   . . .        (no shield)
rNeg    . . .        b - +0 leather armour
rPois   .            (no helmet)
rElec   .            (no cloak)
rCorr   .            (no gloves)
SInv    .            (no boots)
Will    .....        e - amulet of magic regeneration
Stlth   +++          (no ring)
HPRegen 0.21/turn    (no ring)
MPRegen 0.48/turn

%: guardian spirit
@: no status effects
A: fangs 2, magic shield, antimagic bite, no potion heal 2
a: Renounce Religion, Draw Escape, Draw Destruction, Draw Summoning


You were on level 6 of the Dungeon.
You worshipped Nemelex Xobeh.
Nemelex Xobeh was noncommittal.
You visited 1 branch of the dungeon, and saw 2 of its levels.

You collected 13 gold pieces.

Inventory:

Hand Weapons
 a - a +0 mace
 h - a +0 hand axe of electrocution (weapon)
Armour
 b - a +0 leather armour (worn)
Jewellery
 e - an amulet of magic regeneration (around neck)
Wands
 g - a wand of digging (3)
Scrolls
 c - a scroll of fog
 d - a scroll of revelation
 i - a scroll of fear
Potions
 f - a potion of haste


   Skills:
 + Level 2.7 Fighting
 * Level 0.2(1.1) Axes
 - Level 1.7(1.8) Maces & Flails
 - Level 1.5 Dodging
 - Level 6.0 Stealth
 + Level 0.1 Invocations


You couldn't memorise any spells.
You didn't know any spells.
Your spell library was empty.

Dungeon Overview and Level Annotations

Branches:
Dungeon (6/15)
 Temple: D:4-7

Altars:
Nemelex Xobeh


Innate Abilities, Weirdness & Mutations

You have extremely sharp teeth.
When hurt, damage is shared between your health and your magic reserves.
Your bite disrupts and absorbs the magic of your enemies.
Potions cannot restore your health.


Message History

The orc moves out of view.
An orc comes into view. It is wielding a +0 dagger.
The orc moves out of view.
An orc comes into view. It is wielding a +0 trident.
The orc moves out of view.
An orc comes into view. It is wielding a +0 war axe.
You see here an amulet of magic regeneration.
e - an amulet of magic regeneration;
i - a scroll of fear You start putting on your amulet.
You continue putting on your amulet of magic regeneration. x5
You finish putting on your amulet of magic regeneration.
e - an amulet of magic regeneration (around neck)
You start waiting.
An orc is nearby!
There is a stone staircase leading down here.
The orc shouts!
You hit the orc.
The orc is severely wounded.
You hear a shout!
The orc hits you with a +0 club.
You hear a shout!
You hit the orc. Lightning courses through the orc!
You kill the orc!
Found a rapier.
The orc hits you with a +0 trident!
Ouch! That really hurt!
* * * LOW HITPOINT WARNING * * *
There is a stone staircase leading down here.
The orc closely misses you.
You climb downwards.
Found a spear.
There is a stone staircase leading up here.
You closely miss the orc. The orc hits you with a +0 trident.
* * * LOW HITPOINT WARNING * * *
You hit the orc.
The orc is heavily wounded.
The orc closely misses you. The orc hits you with a +0 trident!
Ouch! That really hurt!
You die...
Your body disappears without a glow. .# .# .# .# .# .# ###)# #.@o# #.### #. #. #. #. #. #.

You could see an orc.

Vanquished Creatures
  An orc (D:5)
1 creature vanquished.

Notes
Turn   | Place    | Note
-------+----------+-------------------------------------------
     0 | D:5      | GordonOverkill the Vine Stalker Delver began the quest for
                  | the Orb.
     0 | D:5      | Reached XP level 1. HP: 11/11 MP: 2/2
     0 | D:5      | Found a sparkling altar of Nemelex Xobeh.
    20 | D:5      | Became a worshipper of Nemelex Xobeh the Trickster
   120 | D:6      | Slain by an orc

Illustrated notes

Levels and vault maps discovered:
D:5:      layout_basic, amcnicky_altar_gilded, xom_teletrap_fun,
          minmay_temple_entry_water_ring, chequers_serial_rivers_marsh,
          hangedman_feature_mirror, uniq_crazy_yiuf_cottage
D:6:      kennysheep_housing_project, layout_basic,
          mainiacjoe_overflow_alcove_4, biasface_ghost_orc_armoury, hex_large

Action                     || total
---------------------------++-------
  Melee: Hand axe          ||     4
  Dodge: Dodged            ||     2

Table legend: (Time is in decaauts)
 A = Elapsed time spent in this place.
 B = Non-inter-level travel time spent in this place.
 C = Inter-level travel time spent in this place.
 D = Time resting spent in this place.
 E = Time spent auto-exploring this place.
 F = Levels seen in this place.
 G = Mean time per level.
                   A        B        C        D        E       F      G
               +--------+--------+--------+--------+--------+-----+--------+
         Total |    124 |    124 |      0 |     48 |      0 |   2 |   62.0 |
       Dungeon |    124 |    124 |      0 |     48 |      0 |   2 |   62.0 |
               +--------+--------+--------+--------+--------+-----+--------+

Top non-repeatable levels by time:
     D:5: 122 daAuts
     D:6: 2 daAuts
